 Dungeon Crawl Stone Soup version 0.30-a0-883-g5ad918d77d (webtiles) character file.

Game seed: 17651648554091111436

262 jimonade the Magician (level 6, -4/43 HPs)
             Began as a Djinni Warper on Mar 15, 2023.
             Was an Initiate of Okawaru.
             Killed by divine providence
             ... invoked by an orc priest
              (11 damage)
             ... on level 5 of the Dungeon.
             The game lasted 00:07:50 (4465 turns).

jimonade the Magician (Djinni Warper)               Turns: 4465, Time: 00:07:51

Health: -4/43      AC:  7    Str: 12    XL:     6   Next: 42%
Gold:   270        EV: 11    Int: 15    God:    Okawaru [......] SH:  0 Dex: 12

rFire   + . .      SeeInvis .    a - +0 spear
rCold   . . .      Faith    .    (no shield)
rNeg    . . .      Spirit   .    b - +0 leather armour
rPois   ∞          Reflect  +    v - +0 hat
rElec   .          Rampage  .    (no cloak)
rCorr   .                        (no gloves)
Will    .....                    (boots unavailable)
Stlth   +                        y - amulet of reflection
HPRegen 0.27/turn                u - +4 ring of protection
MPRegen 0.00/turn                p - ring of ice

@: confused, flying
A: sickness immunity, fire resistance 2, cold vulnerability 1, float, innate
caster, HP casting, extra vitality 1
a: Renounce Religion


You were on level 5 of the Dungeon.
You worshipped Okawaru.
Okawaru was noncommittal.
You visited 2 branches of the dungeon, and saw 6 of its levels.

You collected 270 gold pieces.

Inventory:

Hand Weapons
 a - a +0 spear (weapon)
 m - a +0 rapier
 r - a +0 arbalest
 D - a +0 whip
Missiles
 d - 7 boomerangs of dispersal
 g - 4 poisoned darts
 F - a throwing net
Armour
 b - a +0 leather armour (worn)
 v - a +0 hat (worn)
 z - a +0 plate armour
Jewellery
 p - a ring of ice (right hand)
 u - a +4 ring of protection (left hand)
 y - an amulet of reflection (around neck)
 C - a +6 ring of intelligence
 E - a +6 ring of intelligence
Wands
 s - a wand of flame (16)
Scrolls
 c - 3 scrolls of blinking
 e - a scroll of fear {unknown}
 f - 2 scrolls of identify {unknown}
 h - 2 scrolls of torment {unknown}
 j - a scroll of enchant armour {unknown}
 l - 8 scrolls of vulnerability {unknown}
 o - 3 scrolls of teleportation {unknown}
 q - 2 scrolls of magic mapping {unknown}
 t - a scroll of amnesia {unknown}
 w - a scroll of enchant weapon {unknown}
 x - a scroll of immolation {unknown}
Potions
 i - a potion of flight {unknown}
 k - a potion of berserk rage {unknown}
 n - 5 potions of curing
 A - a potion of ambrosia {unknown}
 B - 2 potions of mutation {unknown}


   Skills:
 - Level 2.0 Fighting
 - Level 1.5 Polearms
 - Level 0.7 Throwing
 - Level 1.0 Armour
 - Level 2.1 Dodging
 + Level 5.2 Spellcasting


You knew the following spells:

 Your Spells              Type           Power      Damage    Failure   Level
a - Blink                 Tloc           38%        N/A       3%          2
b - Lesser Beckoning      Tloc           38%        N/A       3%          2
c - Vhi's Electric Charg  Tloc/Air       38%        N/A       7%          3
d - Teleport Other        Tloc           19%        N/A       7%          3
e - Manifold Assault      Tloc           19%        N/A       24%         4
f - Slow                  Hex            76%        N/A       2%          1
g - Static Discharge      Conj/Air       38%        2-4/arc   3%          2
Your spell library was empty.

Dungeon Overview and Level Annotations

Branches:
Dungeon (5/15)             Temple (1/1) D:4

Altars:
Gozag
Okawaru
Qazlal
Trog
Zin
The Shining One

Shops:
D:2 (

Annotations:
D:4 1 runed translucent door, FexLirch's ghost, amateur NaFi
D:5 exclusion: ogre


Innate Abilities, Weirdness & Mutations

You are immune to sickness and miasma.
You are immune to poison.
Your flesh is very heat resistant. (rF++)
You are vulnerable to cold. (rC-)
You float through the air rather than walking.
You learn spells naturally, not from books.
Your magical power is your life essence.
You have superior vitality. (+4 MHP)


Message History

Aim: an orc priest, wielding a +0 morningstar and wearing a +0 ring mail (slow, chance to affect: 51%)
Okay, then.
You barely miss something. Something hits you but does no damage.
Aiming: Slow (safe; 2% risk of failure)
Press: ? - help, Q - select action, (/) - cycle Shift-Dir - straight line, f - orc priest
Aim: an orc priest, wielding a +0 morningstar and wearing a +0 ring mail (slow, chance to affect: 51%)
Okay, then.
You hit something but do no damage. Something hits you but does no damage.
You miss something. Something hits you but does no damage.
You miss something.
The orc priest looks satisfied for a moment.
You hit something. Something hits you but does no damage.
The orc priest invokes the aid of Beogh against you.
Beogh smites you!
* * * LOW HITPOINT WARNING * * *
You barely miss something. Something hits you but does no damage.
You miss something. Something hits you but does no damage.
You barely miss something. You hit something.
Something hits you but does no damage.
You closely miss something. Something hits you but does no damage.
You miss something.
You hear some strange, mumbled words.
You are confused.
You bump into the rock wall.
Something barely misses you.
You barely miss something.
The orc priest is no longer moving slowly.
You hear some strange, mumbled words.
You are more confused.
You bump into the rock wall.
Something hits you but does no damage. Something hits you but does no damage.
You're too confused to move!
Something hits you but does no damage.
You closely miss something.
You hear some strange, mumbled words.
A puff of flame appears from out of thin air!
The puff of flame hits you. You resist.
* * * LOW HITPOINT WARNING * * *
You closely miss something. Something hits you but does no damage.
The orc priest calls down the wrath of Beogh upon you.
Beogh smites you!
You die...

##.### #.# .....#
#.# ####.# #.#
####.###.##########
....>..#..........#
######.#.....####[#
#.#.###o# #.#
#.#.###.####.#
#.#.....oo{@.#
#.#####.######
#.......# #########


You could see an orc priest and an orc.

Vanquished Creatures
  A scorpion (D:4)
  2 hounds (D:4)
  3 adders
  4 gnolls (D:4)
  2 worms
  4 dart slugs
  2 orcs
  6 ball pythons
  4 bats
  3 endoplasms
  4 giant cockroaches
  3 goblins
  8 hobgoblins
  4 jackals (D:1)
  A quokka (D:3)
  3 frilled lizards
  7 kobolds
  2 rats (D:1)
63 creatures vanquished.

Notes
Turn   | Place    | Note
-------+----------+-------------------------------------------
     0 | D:1      | jimonade the Djinni Warper began the quest for the Orb.
     0 | D:1      | jimonade set off with the following spells memorised:
                  | Blink, Lesser Beckoning, Vhi's Electric Charge, Teleport
                  | Other, Manifold Assault.
     0 | D:1      | Reached XP level 1. HP: 18/18 MP: 0/0
   157 | D:1      | Reached XP level 2. HP: 22/23 MP: 0/0
   322 | D:1      | Reached skill level 3 in Spellcasting
   604 | D:1      | Reached XP level 3. HP: 24/28 MP: 0/0
   604 | D:1      | Learned a level 1 spell: Slow
  1136 | D:2      | Found Mubido Mapp's Weapon Shoppe.
  1853 | D:2      | Reached XP level 4. HP: 32/33 MP: 0/0
  2437 | D:3      | Identified the +9 shortbow of World Downfall {elec, Int+5
                  | Dex+6}
  2888 | D:4      | Reached skill level 4 in Spellcasting
  2911 | D:4      | Noticed a scorpion
  2936 | D:4      | Killed a scorpion
  2937 | D:4      | Reached XP level 5. HP: 23/38 MP: 0/0
  2937 | D:4      | Learned a level 2 spell: Static Discharge
  3399 | D:4      | Found a runed translucent door.
  3609 | D:4      | Found a staircase to the Ecumenical Temple.
  3620 | Temple   | Entered the Ecumenical Temple
  3625 | Temple   | Became a worshipper of Warmaster Okawaru
  3820 | D:4      | Noticed a bullfrog
  3821 | D:4      | Noticed FexLirch's ghost (amateur NaFi)
  3833 | D:5      | Entered Level 5 of the Dungeon
  3857 | D:4      | Reached XP level 6. HP: 30/43 MP: 0/0
  3948 | D:4      | Reached skill level 5 in Spellcasting
  4324 | D:5      | Noticed an ogre
  4465 | D:5      | Killed from afar by an orc priest

Illustrated notes

Levels and vault maps discovered:
D:1:      tekkud_arrival_beachfront_property, layout_basic
D:2:      layout_basic, serial_shops, shop
D:3:      layout_rooms, general_overflow_altar
D:4:      layout_basic, minmay_temple_entry_fiery, ebering_ghost_sewer_d,
          nrook_mini_vaults
D:5:      layout_basic
Temple:   compressed_dpeg_triangle_lava_temple

Skill      XL: |  1  2  3  4  5  6 |
---------------+-------------------+-----
Spellcasting   | 3 4 5 |  5.2
Fighting       | |  2.0
Polearms       | |  1.5
Throwing       | |  0.7
Armour         | |  1.0
Dodging        | |  2.1

Action                     |  1- 3 |  4- 6 || total
---------------------------+-------+-------++-------
  Melee: Spear             |   172 |   266 ||   438
         Punch             |       |     4 ||     4
   Cast: Slow              |       |    25 ||    25
         Blink             |       |     3 ||     3
   Stab: Sleeping          |     1 |       ||     1
 Armour: Leather armour    |    39 |    65 ||   104
  Dodge: Dodged            |    87 |    87 ||   174
  Block: Other             |       |    34 ||    34

Table legend: (Time is in decaauts)
 A = Elapsed time spent in this place.
 B = Non-inter-level travel time spent in this place.
 C = Inter-level travel time spent in this place.
 D = Time resting spent in this place.
 E = Time spent auto-exploring this place.
 F = Levels seen in this place.
 G = Mean time per level.
                   A        B        C        D        E       F      G
               +--------+--------+--------+--------+--------+-----+--------+
         Total |   4480 |   4308 |    172 |    516 |   2593 |   6 |  746.7 |
       Dungeon |   4469 |   4301 |    168 |    516 |   2593 |   5 |  893.8 |
        Temple |     10 |      6 |      4 |      0 |      0 |   1 |   10.0 |
               +--------+--------+--------+--------+--------+-----+--------+

Top non-repeatable levels by time:
     D:4: 1456 daAuts
     D:1: 1140 daAuts
     D:2: 991 daAuts
     D:3: 653 daAuts
     D:5: 228 daAuts
  Temple: 10 daAuts
